 Dungeon Crawl Stone Soup version 0.30-a0-777-ga9a30cbeda (webtiles) character file.

Game seed: 15075574559242831032

50 elagabalus the Magician (level 4, 0/31 HPs)
             Began as a Djinni Venom Mage on Feb 13, 2023.
             Slain by a bat (1 damage)
             ... on level 2 of the Dungeon.
             The game lasted 00:08:48 (902 turns).

elagabalus the Magician (Djinni Venom Mage)          Turns: 902, Time: 00:08:48

Health: 0/31       AC:  2    Str:  7    XL:     4   Next: 4%
Gold:   81         EV: 12    Int: 18    God:
                   SH:  0    Dex: 14

rFire   + + .      SeeInvis .    b - +0 short sword
rCold   x . .      Faith    .    (no shield)
rNeg    . . .      Spirit   .    a - +0 robe
rPois   ∞          Reflect  .    (no helmet)
rElec   .          Harm     .    (no cloak)
rCorr   .          Rampage  .    (no gloves)
Will    .....                    (boots unavailable)
Stlth   ++                       (no amulet)
HPRegen 0.25/turn                (no ring)
MPRegen 0.00/turn                (no ring)

@: flying
A: sickness immunity, fire resistance 2, cold vulnerability 1, float, innate
caster, HP casting, extra vitality 1
a: no special abilities


You were on level 2 of the Dungeon.
You visited 1 branch of the dungeon, and saw 2 of its levels.

You collected 81 gold pieces.

Inventory:

Hand Weapons
 b - a +0 short sword (weapon)
Armour
 a - a +0 robe (worn)
Jewellery
 e - a ring of positive energy
Scrolls
 f - a scroll of blinking {unknown}
 g - a scroll of fog {unknown}
 h - a scroll of silence {unknown}
 i - a scroll of amnesia {unknown}
 j - a scroll of identify {unknown}
Potions
 c - a potion of attraction {unknown}
 d - a potion of haste {unknown}


   Skills:
 - Level 2.1 Dodging
 - Level 1.5 Stealth
 * Level 3.6 Spellcasting


You couldn't memorise any spells.
You knew the following spells:

 Your Spells              Type           Power      Damage    Failure   Level
a - Sting                 Tmut/Pois      64%        1d6       3%          1
b - Poisonous Vapours     Pois/Air       32%        N/A       5%          2
c - Mephitic Cloud        Conj/Pois/Air  16%        N/A       11%         3
d - Olgreb's Toxic Radia  Pois           16%        N/A       34%         4
e - Beastly Appendage     Tmut           32%        N/A       3%          1
Your spell library was empty.

Dungeon Overview and Level Annotations

Branches:
Dungeon (2/15)

Altars:

Shops:
D:1 [


Innate Abilities, Weirdness & Mutations

You are immune to sickness and miasma.
You are immune to poison.
Your flesh is very heat resistant. (rF++)
You are vulnerable to cold. (rC-)
You float through the air rather than walking.
You learn spells naturally, not from books.
Your magical power is your life essence.
You have superior vitality. (+4 MHP)


Message History

Okay, then.
The adder bites you. x2
* * * LOW HITPOINT WARNING * * *
The ball python misses you. The ball python grabs you.
The ball python constricts you.
The ball python's grasp on you weakens, but your attempt to escape fails.
You kill the ball python!
The adder bites you.
* * * LOW HITPOINT WARNING * * *
The endoplasm attacks as you move away! The endoplasm hits you.
* * * LOW HITPOINT WARNING * * *
The adder attacks as you move away! The adder bites you.
* * * LOW HITPOINT WARNING * * *
The adder attacks as you move away! The adder bites you but does no damage.
The adder barely misses you. The endoplasm attacks as you move away!
The endoplasm barely misses you. The adder attacks as you move away!
The adder bites you.
* * * LOW HITPOINT WARNING * * *
You kill the adder!
You have reached level 4!
You feel agile. The endoplasm attacks as you move away!
The endoplasm barely misses you. The endoplasm attacks as you move away!
The endoplasm hits you.
* * * LOW HITPOINT WARNING * * *
A frilled lizard comes into view.
You hit the endoplasm.
The endoplasm is heavily wounded.
The endoplasm hits you.
* * * LOW HITPOINT WARNING * * *
You hit the endoplasm.
You kill the endoplasm!
The bat closely misses you.
Aiming: Poisonous Vapours (safe; 5% risk of failure)
Press: ? - help, Q - select action, (/) - cycle Dir - move target, f - frilled lizard
Aim: a frilled lizard Poisonous vapours surround the frilled lizard!
The frilled lizard is poisoned.
* * * LOW HITPOINT WARNING * * *
The bat hits you.
You die...

......................##
....!..................#
.......................#
......................<#
............†................#
.......................#.....#
.......................#.....#
..>.....#......b.......# ....#
......###.....@l....... ..###
##..# ########.##..#. .# ##.
#.#..# . .. .# .. #. ##


You could see a bat and a frilled lizard (very poisoned).

Vanquished Creatures
  An adder (D:2)
  4 dart slugs (D:1)
  3 bats (D:1)
  4 endoplasms
  5 hobgoblins (D:1)
  7 kobolds (D:1)
  2 quokkas (D:1)
  2 ball pythons (D:2)
  2 frilled lizards (D:1)
  2 rats (D:1)
32 creatures vanquished.

Notes
Turn   | Place    | Note
-------+----------+-------------------------------------------
     0 | D:1      | elagabalus the Djinni Venom Mage began the quest for the
                  | Orb.
     0 | D:1      | elagabalus set off with the following spells memorised:
                  | Sting, Poisonous Vapours, Mephitic Cloud, Olgreb's Toxic
                  | Radiance.
     0 | D:1      | Reached XP level 1. HP: 15/15 MP: 0/0
    91 | D:1      | Reached XP level 2. HP: 19/21 MP: 0/0
   188 | D:1      | Reached skill level 3 in Spellcasting
   322 | D:1      | Reached XP level 3. HP: 24/25 MP: 0/0
   322 | D:1      | Learned a level 1 spell: Beastly Appendage
   326 | D:1      | Found Gacovaf's Antique Armour Shoppe.
   896 | D:2      | Reached XP level 4. HP: 4/31 MP: 0/0
   902 | D:2      | Slain by a bat

Illustrated notes

Levels and vault maps discovered:
D:1:      sevenhm_arrival_forest_fort_small_3, layout_loops_ring, serial_shops,
          nicolae_shop_temple_entry_statues_fountains, dreamdust_wishing_well,
          minmay_unequal
D:2:      layout_rooms

Skill      XL: |  1  2 |
---------------+-------+-----
Spellcasting   | 3 |  3.6
Dodging        | |  2.1
Stealth        | |  1.5

Action                     |  1- 3 |  4- 6 || total
---------------------------+-------+-------++-------
  Melee: Short sword       |       |     2 ||     2
   Cast: Sting             |    21 |       ||    21
         Poisonous Vapours |    25 |     1 ||    26
 Armour: Robe              |     4 |       ||     4
  Dodge: Dodged            |    26 |     2 ||    28

Table legend: (Time is in decaauts)
 A = Elapsed time spent in this place.
 B = Non-inter-level travel time spent in this place.
 C = Inter-level travel time spent in this place.
 D = Time resting spent in this place.
 E = Time spent auto-exploring this place.
 F = Levels seen in this place.
 G = Mean time per level.
                   A        B        C        D        E       F      G
               +--------+--------+--------+--------+--------+-----+--------+
         Total |    901 |    269 |    632 |      0 |      0 |   2 |  450.5 |
       Dungeon |    901 |    269 |    632 |      0 |      0 |   2 |  450.5 |
               +--------+--------+--------+--------+--------+-----+--------+

Top non-repeatable levels by time:
     D:1: 874 daAuts
     D:2: 27 daAuts
